[ AOE2 MATCH · #513732698 ]
UnrankedTurks vs Malay
Player's team · WIN
Rival team · LOSS
[ REPLAY ANALYSIS · EXTRACTED FROM THE RECORDED GAME ]
Feudal
8:09
Castle
—
Imperial
—
| APM avg | 66.2 |
| APM peak | 79 |
| eAPM avg | 42.2 |
| Villagers / military | 19 / 4 |
Focus
⚔️ 53.1% · 🌾 46.9%
Archer ×4
Feudal
8:24
Castle
—
Imperial
—
| APM avg | 72.1 |
| APM peak | 94 |
| eAPM avg | 32.1 |
| Villagers / military | 29 / 5 |
Focus
⚔️ 60.1% · 🌾 39.9%
Militia ×5
Match map
Initial resources + every placement click. Lines = walls · curves = elevation contours. ◆ gold · ⬟ stone · ● berries · ✦ relic · ◌ wall gap
Your base
Eli's base
Smoothed initial terrain · ◌ = detected wall gap · hover for details
Inputs per minute
— Dimo - - Eli
Build order — Dimo
59 actions detected in the replay
| 0:00 | Queue | Villager (Male) |
| 0:02 | Build | House |
| 0:03 | Build | House |
| 0:06 | Queue | Villager (Male) |
| 0:21 | Queue | Villager (Male) |
| 0:23 | Queue | Villager (Male) |
| 0:26 | Build | House |
| 0:31 | Build | House |
| 1:36 | Queue | Villager (Male) |
| 1:36 | Queue | Villager (Male) |
| 1:44 | Build | House |
| 1:53 | Queue | Villager (Male) |
| 1:53 | Queue | Villager (Male) |
| 2:13 | Queue | Villager (Male) |
| 2:41 | Queue | Villager (Male) |
| 2:42 | Queue | Villager (Male) |
| 3:29 | Build | Lumber Camp |
| 3:33 | Queue | Villager (Male) |
| 3:49 | Build | House |
| 4:03 | Queue | Villager (Male) |
| 4:25 | Queue | Villager (Male) |
| 4:49 | Queue | Villager (Male) |
| 5:25 | Research | Loom |
| 5:36 | Build | Mining Camp |
| 5:59 | Research | Feudal Age |
| 5:59 | Research | Feudal Age |
| 5:59 | Research | Feudal Age |
| 6:40 | Build | Palisade Wall |
| 6:55 | Build | Palisade Wall |
| 6:55 | Build | Palisade Wall |
| 7:03 | Build | House |
| 7:12 | Build | Palisade Wall |
| 7:15 | Build | Palisade Wall |
| 7:20 | Queue | Villager (Male) |
| 7:22 | Build | Barracks |
| 7:26 | Build | Barracks |
| 7:27 | Build | Palisade Wall |
| 7:28 | Build | Palisade Wall |
| 8:09 | Age | Feudal Age |
| 8:15 | Build | Archery Range |
| 8:19 | Queue | Villager (Male) |
| 8:27 | Build | Palisade Wall |
| 8:57 | Queue | Archer |
| 8:58 | Build | Watch Tower |
| 9:00 | Queue | Villager (Male) |
| 9:02 | Build | House |
| 9:07 | Queue | Archer |
| 9:33 | Queue | Archer |
| 10:10 | Build | Gate |
| 10:11 | Build | House |
| 10:12 | Build | Stone Wall |
| 10:17 | Queue | Villager (Male) |
| 10:24 | Build | Palisade Wall |
| 10:28 | Build | House |
| 10:30 | Build | Palisade Wall |
| 10:31 | Build | Palisade Wall |
| 10:32 | Build | Palisade Wall |
| 10:41 | Queue | Archer |
| 10:47 | Build | Outpost |
Build order — Eli
53 actions detected in the replay
| 0:01 | Queue | Villager (Male) |
| 0:02 | Build | House |
| 0:02 | Build | House |
| 0:06 | Queue | Villager (Male) |
| 0:09 | Queue | Villager (Male) |
| 0:11 | Queue | Villager (Male) |
| 1:27 | Queue | Villager (Male) |
| 1:27 | Queue | Villager (Male) |
| 1:57 | Queue | Villager (Male) |
| 2:09 | Build | Lumber Camp |
| 2:13 | Queue | Villager (Male) |
| 2:13 | Queue | Villager (Male) |
| 2:34 | Queue | Villager (Male) |
| 3:04 | Queue | Villager (Male) |
| 3:04 | Queue | Villager (Male) |
| 3:25 | Build | House |
| 3:29 | Queue | Villager (Male) |
| 3:29 | Queue | Villager (Male) |
| 3:51 | Queue | Villager (Male) |
| 4:01 | Queue | Villager (Male) |
| 4:40 | Queue | Villager (Male) |
| 4:46 | Build | House |
| 5:06 | Queue | Villager (Male) |
| 5:24 | Queue | Villager (Male) |
| 5:24 | Queue | Villager (Male) |
| 5:30 | Build | Barracks |
| 5:33 | Queue | Villager (Male) |
| 5:34 | Queue | Villager (Male) |
| 6:39 | Queue | Villager (Male) |
| 6:48 | Build | Mining Camp |
| 7:04 | Research | Feudal Age |
| 7:04 | Research | Feudal Age |
| 7:10 | Queue | Militia |
| 7:10 | Queue | Militia |
| 7:16 | Research | Loom |
| 7:23 | Queue | Militia |
| 7:47 | Build | House |
| 7:49 | Build | House |
| 8:06 | Build | Mill |
| 8:09 | Queue | Militia |
| 8:10 | Queue | Militia |
| 8:24 | Age | Feudal Age |
| 8:44 | Build | Watch Tower |
| 9:12 | Queue | Villager (Male) |
| 9:19 | Queue | Villager (Male) |
| 9:48 | Queue | Villager (Male) |
| 10:06 | Queue | Villager (Male) |
| 10:18 | Queue | Villager (Male) |
| 10:48 | Build | Watch Tower |
| 10:50 | Queue | Villager (Male) |
| 10:54 | Build | Farm |
| 11:02 | Build | Palisade Wall |
| 11:03 | Build | House |
Match timeline
| 5:30 | Eli · first_building Barracks |
| 6:40 | Dimo · wall_segment Palisade Wall x6 |
| 6:55 | Dimo · wall_segment Palisade Wall x1 |
| 6:55 | Dimo · wall_segment Palisade Wall x1 |
| 7:12 | Dimo · wall_segment Palisade Wall x1 |
| 7:15 | Dimo · wall_segment Palisade Wall x1 |
| 7:22 | Dimo · first_building Barracks |
| 7:27 | Dimo · wall_segment Palisade Wall x1 |
| 7:28 | Dimo · wall_segment Palisade Wall x1 |
| 8:09 | Dimo · age_up feudal |
| 8:15 | Dimo · first_building Archery Range |
| 8:24 | Eli · age_up feudal |
| 8:27 | Dimo · wall_segment Palisade Wall x1 |
| 10:12 | Dimo · wall_segment Stone Wall x1 |
| 10:24 | Dimo · wall_segment Palisade Wall x1 |
| 10:30 | Dimo · wall_segment Palisade Wall x1 |
| 10:31 | Dimo · wall_segment Palisade Wall x1 |
| 10:32 | Dimo · wall_segment Palisade Wall x1 |
| 11:02 | Eli · wall_segment Palisade Wall x1 |
| 11:12 | Eli · resign |
[ AI ANALYSIS · 1 CREDIT ]
What really happened in this match?
Wolo.gg analyzes every decision: build order, eco, micro, common mistakes by bracket. Personalized analysis on WhatsApp or Discord in 30 seconds.
Civ guide
Turks
Perfil
Jugador #6040432